 Dungeon Crawl Stone Soup version 0.27-a0-1299-g1ab19c6527 (webtiles) character file.

Game seed: 5664815564778480014

88 pokeman the Magician (level 4, -7/25 HPs)
             Began as a Deep Elf Hedge Wizard on June 16, 2021.
             Killed by nerve-wracking pain
             ... invoked by Grinder
              (10 damage)
             ... on level 3 of the Dungeon.
             The game lasted 00:06:01 (3006 turns).

pokeman the Magician (Deep Elf Hedge Wizard)        Turns: 3006, Time: 00:06:02

Health: -7/25      AC:  2    Str:  7    XL:     4   Next: 30%
Magic:  0/13       EV: 12    Int: 20    God:
Gold:   133        SH:  0    Dex: 14    Spells: 2/14 levels left

rFire    . . .     SeeInvis .   a - +0 dagger
rCold    . . .     Faith    .   (no shield)
rNeg     . . .     Spirit   .   b - +0 robe
rPois    .         Reflect  .   c - +0 hat
rElec    .         Harm     .   (no cloak)
rCorr    .         Rampage  .   (no gloves)
Will     .....                  (no boots)
Stlth    ++........             (no amulet)
HPRegen  0.08/turn              (no ring)
MPRegen  0.13/turn              (no ring)

@: no status effects
A: no striking features
a: no special abilities


You were on level 3 of the Dungeon.
You visited 1 branch of the dungeon, and saw 3 of its levels.

You collected 133 gold pieces.

Inventory:

Hand Weapons
 a - a +0 dagger (weapon)
Armour
 b - a +0 robe (worn)
 c - a +0 hat (worn)
Jewellery
 i - a ring of resist corrosion
Scrolls
 d - 4 scrolls of enchant armour {unknown}
 e - a scroll of summoning {unknown}
 f - a scroll of amnesia {unknown}
 g - a scroll of immolation {unknown}
 h - 3 scrolls of teleportation {unknown}
Potions
 j - a potion of degeneration {unknown}


   Skills:
 - Level 1.0 Fighting
 - Level 1.0 Armour
 + Level 2.7 Dodging
 - Level 2.4 Stealth
 * Level 5.6 Spellcasting
 + Level 2.1 Conjurations
 - Level 1.1 Summonings
 - Level 1.1 Translocations
 + Level 0.9 Fire Magic


You had 2 spell levels left.
You knew the following spells:

 Your Spells              Type           Power      Damage    Failure   Level
a - Magic Dart            Conj           56%        1d5       4%          1
b - Mephitic Cloud        Conj/Pois/Air  8%         N/A       24%         3
c - Call Imp              Summ           10%        N/A       11%         2
d - Blink                 Tloc           N/A        N/A       11%         2
e - Conjure Flame         Conj/Fire      11%        6-21      17%         3
f - Shock                 Conj/Air       36%        1d5       7%          1

Your spell library contained the following spells:

 Spells                   Type           Power      Damage    Failure   Level
 Static Discharge         Conj/Air       9%         N/A       11%         2
 Slow                     Hex            5%         N/A       17%         2
 Swiftness                Air            5%         N/A       32%         3
 Airstrike                Air            2%         N/A       73%         4
 Lightning Bolt           Conj/Air       4%         1d16      89%         5


Dungeon Overview and Level Annotations

Branches:
Dungeon (3/15)

Altars:
Fedhas
Sif Muna

Shops:
D:2 (

Annotations:
D:3 Grinder


Message History

Aiming: Shock (safe; 7% risk of failure)
Press: ? - help, Shift-Dir - straight line, f/p - Grinder
Aim: Grinder (severely wounded, 64% to hit)
The zap misses Grinder.
Grinder hits you.
You writhe in agony.
Unknown command.
Casting: Shock (safe; 7% risk of failure)
Confirm with . or Enter, or press ? or * to list all spells.
Aiming: Shock (safe; 7% risk of failure)
Press: ? - help, Shift-Dir - straight line, f/p - Grinder
Aim: Grinder (severely wounded, 64% to hit)
The zap hits Grinder.
Grinder is severely wounded.
Grinder gestures at you. You resist with significant effort.
Casting: Shock (safe; 7% risk of failure)
Confirm with . or Enter, or press ? or * to list all spells.
Aiming: Shock (safe; 7% risk of failure)
Press: ? - help, Shift-Dir - straight line, f/p - Grinder
Aim: Grinder (severely wounded, 64% to hit)
The zap hits Grinder.
Grinder is almost dead.
Grinder hits you.
You writhe in agony.
* * * LOW HITPOINT WARNING * * *
Grinder says, "I used to sell toenails on the black market."
Grinder gestures at you.
You barely resist.
Casting: Shock (safe; 7% risk of failure)
Confirm with . or Enter, or press ? or * to list all spells.
You don't have enough magic to cast this spell.
Unknown command.
Casting: Shock (safe; 7% risk of failure)
Confirm with . or Enter, or press ? or * to list all spells.
Aiming: Shock (safe; 7% risk of failure)
Press: ? - help, Shift-Dir - straight line, f/p - Grinder
Aim: Grinder (almost dead, 64% to hit)
The zap hits Grinder.
Grinder is almost dead.
Grinder gestures at you. Pain shoots through your body!
You die...

.################
.......>........##
...####.#######..# ........
#......# ##.# .........
#..###.# #@# #......... #..#
#.# #.## #......... #..# #.#
#5.# .......... ...# #.#
##.## #.........
###.###.#####..#####.........
#..........................
#####.######.#####.........
#.# ####..###...รท....## #.#
...##.##...........


You could see Grinder.

Vanquished Creatures
  4 adders
  2 worms
  An orc (D:3)
  5 bats
  5 endoplasms
  4 giant cockroaches
  4 goblins (D:1)
  3 hobgoblins
  5 ball pythons
  6 frilled lizards
  2 kobolds (D:2)
  6 rats
47 creatures vanquished.

Notes
Turn   | Place    | Note
-------+----------+-------------------------------------------
     0 | D:1      | pokeman the Deep Elf Hedge Wizard began the quest for the
                  | Orb.
     0 | D:1      | Reached XP level 1. HP: 10/10 MP: 7/7
   435 | D:1      | Reached XP level 2. HP: 6/15 MP: 0/9
  1371 | D:2      | Reached skill level 5 in Spellcasting
  1582 | D:2      | Reached XP level 3. HP: 20/20 MP: 3/11
  1586 | D:2      | Learned a level 3 spell: Mephitic Cloud
  1589 | D:2      | Learned a level 2 spell: Call Imp
  1592 | D:2      | Learned a level 2 spell: Blink
  1596 | D:2      | Learned a level 3 spell: Conjure Flame
  1728 | D:2      | Found Kueruun's Antique Weapon Shop.
  2010 | D:2      | Reached skill level 1 in Armour
  2158 | D:2      | Learned a level 1 spell: Shock
  2169 | D:2      | Reached skill level 1 in Fighting
  2221 | D:2      | Found a faded altar of an unknown god.
  2612 | D:3      | Reached XP level 4. HP: 25/25 MP: 8/13
  2840 | D:3      | Found a blossoming altar of Fedhas.
  2854 | D:3      | Found a shimmering blue altar of Sif Muna.
  2962 | D:3      | Noticed Grinder
  2980 | D:3      | Paralysed by Grinder for 3 turns
  2987 | D:3      | Paralysed by Grinder for 7 turns
  3006 | D:3      | Killed from afar by Grinder

Illustrated notes

Levels and vault maps discovered:
D:1:      onia_arrival_mini_spirals, layout_basic
D:2:      layout_loops_ring, shapermc_ecumenical_altar_starsandcircs,
          serial_shops, nicolae_shop_overgrown_old_shop, serial_glass,
          glass_columns_c, glass_columns_c, minmay_liquid_box
D:3:      layout_basic, minitemple, grunt_ministairs_14, uniq_grinder

Skill      XL: |  1  2  3 |
---------------+----------+-----
Spellcasting   | 5 |  5.6
Armour         | 1 |  1.0
Fighting       | 1 |  1.0
Conjurations   | 2 |  2.1
Dodging        | |  2.7
Stealth        | |  2.4
Summonings     | |  1.1
Translocations | |  1.1
Fire Magic     | |  0.9

Action                   |  1- 3 |  4- 6 || total
-------------------------+-------+-------++-------
Melee: Dagger            |     7 |       ||     7
 Cast: Magic Dart        |    90 |     9 ||    99
       Shock             |    23 |    15 ||    38
       Conjure Flame     |       |     1 ||     1
Armor: Robe              |     4 |       ||     4
Dodge: Dodged            |    11 |     4 ||    15

Table legend: (Time is in decaauts)
 A = Elapsed time spent in this place.
 B = Non-inter-level travel time spent in this place.
 C = Inter-level travel time spent in this place.
 D = Time resting spent in this place.
 E = Time spent auto-exploring this place.
 F = Levels seen in this place.
 G = Mean time per level.
                   A        B        C        D        E       F      G
               +--------+--------+--------+--------+--------+-----+--------+
         Total |   3006 |   2902 |    104 |      5 |   2622 |   3 | 1002.0 |
       Dungeon |   3006 |   2902 |    104 |      5 |   2622 |   3 | 1002.0 |
               +--------+--------+--------+--------+--------+-----+--------+

Top non-repeatable levels by time:
     D:1: 1308 daAuts
     D:2: 977 daAuts
     D:3: 720 daAuts
